 Dungeon Crawl Stone Soup version 0.30-a0-1116-gebefce21f7 (webtiles) character file.

Game seed: 565513296160605623

490 Lexicon the Trooper (level 7, -8/60 HPs)
             Began as a Hill Orc Brigand on Apr 21, 2023.
             Mangled by an iguana (9 damage)
             ... on level 5 of the Dungeon.
             The game lasted 00:10:16 (4745 turns).

Lexicon the Trooper (Hill Orc Brigand)              Turns: 4745, Time: 00:10:17

Health: -8/60      AC:  6    Str: 16    XL:     7   Next: 14%
Magic:  7/7        EV: 12    Int: 11    God:
Gold:   252        SH:  0    Dex: 12    Spells: 6/6 levels left

rFire   . . .      SeeInvis .    a - +3 dagger
rCold   . . .      Faith    .    (no shield)
rNeg    + . .      Spirit   .    b - +0 robe
rPois   +          Reflect  .    (no helmet)
rElec   .          Rampage  .    c - +0 cloak
rCorr   .                        l - +2 pair of gloves
Will    .....                    (no boots)
Stlth   +++                      (no amulet)
HPRegen 0.30/turn                o - ring of poison resistance
MPRegen 0.10/turn                u - ring of positive energy

@: no status effects
A: no striking features
a: no special abilities


You were on level 5 of the Dungeon.
You visited 1 branch of the dungeon, and saw 5 of its levels.

You collected 252 gold pieces.

Inventory:

Hand Weapons
 a - a +3 dagger (weapon)
 m - a +0 short sword of draining
Missiles
 d - 13 poisoned darts (quivered)
 e - 3 curare-tipped darts
Armour
 b - a +0 robe (worn)
 c - a +0 cloak (worn)
 l - a +2 pair of gloves (worn)
Jewellery
 o - a ring of poison resistance (left hand)
 u - a ring of positive energy (right hand)
Scrolls
 f - a scroll of poison
 g - 2 scrolls of fog
 h - 3 scrolls of vulnerability
 i - 3 scrolls of blinking
 j - 2 scrolls of enchant weapon
 k - a scroll of enchant armour
 t - 2 scrolls of teleportation
 w - 2 scrolls of identify
Potions
 n - a potion of flight {unknown}
 p - a potion of mutation {unknown}
 q - a potion of lignification {unknown}
 r - a potion of curing {unknown}
 s - a potion of heal wounds


   Skills:
 + Level 4.5 Fighting
 + Level 3.7 Short Blades
 + Level 3.3 Throwing
 + Level 2.6 Dodging
 + Level 4.4 Stealth


You had 6 spell levels left.
You didn't know any spells.
Your spell library contained the following spells:

 Spells                   Type           Power      Damage    Failure   Level
 Hailstorm                Conj/Ice       0%         3d3       71%         3
 Ice Form                 Ice/Tmut       0%         N/A       98%         4
 Simulacrum               Ice/Necr       0%         N/A       100%        6


Dungeon Overview and Level Annotations

Branches:
Dungeon (5/15)
 Temple: D:4-7

Altars:
Kikubaaqudgha
Makhleb
Nemelex Xobeh
Okawaru
Xom

Shops:
D:2 [   D:3 ?=(


Message History

The howler monkey hits you.
The howler monkey hits you but does no damage.
The howler monkey closely misses you.
An adder comes into view.
The howler monkey closely misses you. x2
The howler monkey hoots and howls with incredible vigour!
You hear an angry hiss.
The howler monkey hits you. The howler monkey barely misses you.
The howler monkey closely misses you.
An iguana comes into view.
The howler monkey hits you. x2
The howler monkey hits you.
The howler monkey completely misses you.
The howler monkey hits you but does no damage.
The iguana misses you.
The howler monkey hits you but does no damage.
The iguana bites you! The howler monkey barely misses you.
The iguana bites you. The howler monkey hits you.
The iguana closely misses you.
The howler monkey hits you but does no damage.
The howler monkey hits you but does no damage.
The iguana barely misses you.
The howler monkey hoots and howls with incredible vigour!
The iguana bites you but does no damage.
You hear a shout! x4
The howler monkey hits you. The iguana bites you! The howler monkey hits you.
* * * LOW HITPOINT WARNING * * *
The iguana misses you. The howler monkey misses you.
The iguana hisses menacingly.
The iguana bites you.
* * * LOW HITPOINT WARNING * * *
The howler monkey barely misses you. The howler monkey barely misses you.
The iguana bites you!
* * * LOW HITPOINT WARNING * * *
The howler monkey hoots and howls with incredible vigour!
The iguana bites you!
You die... ###..... ....(.. #.)... ..... #... #hS

#h# #@# ##l# # #..# #
#.###.## .#.#.....###
..........# ####>.####.#
#......<...###############
#.###.#.#.................


You could see a howler monkey (catching breath), an iguana, a hound and an
adder.

Vanquished Creatures
  2 scorpions (D:4)
  3 wights (D:3)
  2 sleepcaps (D:4)
  An orc wizard (D:4)
  A gnoll (D:1)
  3 adders
  A worm (D:4)
  3 dart slugs
  9 orcs
  5 ball pythons
  13 endoplasms
  4 giant cockroaches
  7 goblins
  4 hobgoblins
  3 jackals (D:4)
  2 quokkas
  6 bats
  A frilled lizard (D:1)
  8 kobolds
  3 rats
81 creatures vanquished.

Notes
Turn   | Place    | Note
-------+----------+-------------------------------------------
     0 | D:1      | Lexicon the Hill Orc Brigand began the quest for the Orb.
     0 | D:1      | Reached XP level 1. HP: 18/18 MP: 1/1
   264 | D:1      | Reached skill level 1 in Dodging
   264 | D:1      | Reached XP level 2. HP: 25/25 MP: 2/2
   555 | D:1      | Reached XP level 3. HP: 27/30 MP: 3/3
  1298 | D:2      | Found Becw's Armour Boutique.
  1619 | D:3      | Reached XP level 4. HP: 38/38 MP: 4/4
  1628 | D:3      | Found Vif Xeri's Magic Scroll Shoppe.
  1710 | D:3      | Found Qillyij's Jewellery Emporium.
  1882 | D:3      | Found Jyty's Antique Weapon Emporium.
  2134 | D:3      | Found an iron altar of Okawaru.
  2767 | D:3      | Reached XP level 5. HP: 22/45 MP: 5/5
  2947 | D:3      | Reached XP level 6. HP: 28/47 MP: 6/6
  3229 | D:4      | Found a shimmering altar of Xom.
  3643 | D:4      | Found an ancient bone altar of Kikubaaqudgha.
  3692 | D:4      | Reached XP level 7. HP: 57/60 MP: 7/7
  3987 | D:4      | Found a sparkling altar of Nemelex Xobeh.
  3988 | D:4      | Found a burning altar of Makhleb.
  4264 | D:5      | Entered Level 5 of the Dungeon
  4744 | D:5      | HP: 1/60 [iguana (11)]
  4745 | D:5      | Mangled by an iguana

Illustrated notes

Levels and vault maps discovered:
D:1:      ncdulo_wetmaze, layout_loops_corners, serial_aquarium,
          aquarium_bridge_square [aquarium_subvault_wall,
          aquarium_subvault_wall, aquarium_subvault_bridge,
          aquarium_subvault_window], aquarium_window_fake, aquarium_window_fake,
          aquarium_window_corner, aquarium_window_corner, aquarium_view_2b,
          aquarium_balcony_3a, aquarium_pool_2
D:2:      layout_loops_ring, serial_shops, shop
D:3:      layout_basic, lemuel_doored_altar, serial_shops,
          nicolae_shop_advertising_works [nicolae_subvault_shop_adworks],
          nicolae_shop_gaudy_bauble, shop, dk_noncrumbling_4,
          minmay_fractal_squares_5
D:4:      layout_loops_cross, mainiacjoe_overflow_24_doors,
          nicolae_overflow_hidden_temple, serial_co_window_serial,
          co_window_paths_b, co_window_paths_a, co_window_cross_1,
          co_window_corner_a, co_window_paths_a, co_window_paths_a,
          co_window_of_opportunity_a, co_window_cross_3, co_window_paths_c,
          co_window_unsneaky_path_a, due_unseen_surprise
D:5:      kennysheep_slugbush, layout_basic, cheibrodos_ashenzari_chains,
          mainiacjoe_overflow_catwalk, uniq_menkaure, uniq_prince_ribbit1,
          uniq_ijyb

Skill      XL: |  1  2  3  4  5  6 |
---------------+-------------------+-----
Dodging        | 1 2 |  2.6
Throwing       | 2 3 |  3.3
Fighting       | 3 4 |  4.5
Short Blades   | 3 |  3.7
Stealth        | 4 |  4.4

Action                     |  1- 3 |  4- 6 |  7- 9 || total
---------------------------+-------+-------+-------++-------
  Melee: Dagger            |    66 |   193 |    26 ||   285
         Punch             |       |     3 |     1 ||     4
  Throw: Dart              |       |    24 |       ||    24
    Use: Scroll            |     9 |     1 |     2 ||    12
         Potion            |       |     4 |       ||     4
   Stab: Sleeping          |     9 |     4 |     1 ||    14
         Distracted        |       |     1 |       ||     1
 Armour: Robe              |    15 |    50 |    90 ||   155
  Dodge: Dodged            |    25 |   105 |   151 ||   281

Table legend: (Time is in decaauts)
 A = Elapsed time spent in this place.
 B = Non-inter-level travel time spent in this place.
 C = Inter-level travel time spent in this place.
 D = Time resting spent in this place.
 E = Time spent auto-exploring this place.
 F = Levels seen in this place.
 G = Mean time per level.
                   A        B        C        D        E       F      G
               +--------+--------+--------+--------+--------+-----+--------+
         Total |   4710 |   4571 |    139 |    277 |   3168 |   5 |  942.0 |
       Dungeon |   4710 |   4571 |    139 |    277 |   3168 |   5 |  942.0 |
               +--------+--------+--------+--------+--------+-----+--------+

Top non-repeatable levels by time:
     D:3: 1349 daAuts
     D:4: 1274 daAuts
     D:1: 913 daAuts
     D:2: 692 daAuts
     D:5: 480 daAuts
